[Event "Titled Tuesday Blitz October 11 Late 2022"]
[White "Sargsyan, Anna M."]
[Black "Yeritsyan, Hayk"]
[WhiteFideId "13308130"]
[BlackFideId "13307320"]
[WhiteElo "2284"]
[BlackElo "2353"]
[Result "1-0"]
[Round "03"]
[TimeControl "180+1"]
[Date "2022.10.12"]
[WhiteClock "0:00:25"]
[BlackClock "0:00:03"]

1. d4 d5 2. c4 e6 3. Nf3 Nf6 4. Nc3 Nbd7 5. cxd5 exd5 6. Bg5 c6 7. e3 Be7 8. Bd3 O-O 9. O-O Re8 10. Rc1 Ne4 11. Bf4 Ndf6 12. Ne5 Bd6 13. h3 Nxc3 14. bxc3 Qe7 15. c4 dxc4 16. Bxc4 Be6 17. Bxe6 Qxe6 18. Rb1 Rab8 19. Qa4 a6 20. Rb2 Nd5 21. Bh2 f6 22. Nf3 Bxh2+ 23. Kxh2 Qd7 24. Rfb1 Kh8 25. Kg1 Nc3 26. Qa5 Nxb1 27. Rxb1 Rbd8 28. Nd2 Re7 29. Nb3 Qc7 30. Qb4 b6 31. Rc1 a5 32. Qc3 Rd6 33. Nd2 Qd8 34. Nc4 Rde6 35. Rb1 c5 36. dxc5 bxc5 37. Nxa5 Rd7 38. Nb7 Qb8 39. Qb3 c4 40. Qb5 Ree7 41. Na5 Qxb5 42. Rxb5 h6 43. Nxc4 Rd1+ 44. Kh2 Ra1 45. Rb2 Ra7 46. a3 Rc7 47. Nd6 Rc3 48. Nb5 Rc6 49. Rd2 Rb6 50. Nd6 Rxa3 51. Nc4 Rba6 52. Nxa3 Rxa3 53. g4 g5 54. Rd7 Kg8 55. Kg3 Ra4 56. Kf3 Rb4 57. Ra7 Rc4 58. Ke2 Rb4 59. Kd3 Rb2 60. f4 Rb4 61. f5 Rb1 62. Kd4 Rb5 63. e4 Kh8 64. Rf7 Rb6 65. Kc5 Ra6 66. Kd5 Kg8 67. Rd7 Rb6 68. Rd6 Rb5+ 69. Ke6 Re5+ 70. Kxf6 Rxe4 71. Kg6 Re8 72. Kxh6 Ra8 73. Kxg5 Kh8 74. h4 Ra7 75. h5 Kg8 76. h6 Kh8 77. Kh5 Kg8 78. Rd8+ Kh7 79. Rd6 Kg8 80. g5 Rb7 81. Rd8+ Kh7 82. g6# 1-0


[Site "https://www.chess.com"]

[Event "Titled Tuesday Blitz October 11 Late 2022"]
[White "Schrik, Rachid"]
[Black "Shuqja, Klean"]
[WhiteFideId "1009818"]
[BlackFideId "4701585"]
[WhiteElo "2098"]
[BlackElo "1893"]
[Result "1-0"]
[Round "03"]
[TimeControl "180+1"]
[Date "2022.10.12"]
[WhiteClock "0:02:35"]
[BlackClock "0:02:16"]

1. d4 Nf6 2. c4 e6 3. Nc3 Bb4 4. a3 Bxc3+ 5. bxc3 O-O 6. f3 d6 7. e4 e5 8. Bd3 Nbd7 9. Ne2 Qe7 10. O-O b6 11. Ng3 g6 12. Bg5 Kg7 13. f4 exf4 14. Rxf4 h6 15. Bh4 g5 16. Nf5+ 1-0


[Site "https://www.chess.com"]

[Event "Titled Tuesday Blitz October 11 Late 2022"]
[White "Shandrygin, Nikita"]
[Black "Leve, Nitai"]
[WhiteFideId "24198668"]
[BlackFideId "2006898"]
[WhiteElo "2323"]
[BlackElo "2144"]
[Result "0-1"]
[Round "03"]
[TimeControl "180+1"]
[Date "2022.10.12"]
[WhiteClock "0:01:20"]
[BlackClock "0:00:38"]

1. e4 e6 2. d4 d5 3. Nd2 Nf6 4. e5 Nfd7 5. f4 c5 6. c3 Nc6 7. Ndf3 cxd4 8. cxd4 Qb6 9. h4 f6 10. a3 fxe5 11. fxe5 Be7 12. Bd3 Nf8 13. Ne2 Bd7 14. b4 O-O-O 15. Bd2 Kb8 16. b5 Na5 17. Qa4 Nc4 18. Bxc4 dxc4 19. Ba5 Qxb5 20. Qxb5 Bxb5 21. Bxd8 Bxd8 22. Nc3 Bc6 23. O-O Bb6 24. Rad1 Ng6 25. Kh2 h6 26. d5 exd5 27. Nxd5 Ba5 28. Nb4 Bxf3 29. Rxf3 Nxe5 30. Rf5 Bxb4 31. Rxe5 Bxa3 32. Re4 b5 33. Rd7 c3 34. Rd5 c2 35. Rxb5+ Ka8 0-1


[Site "https://www.chess.com"]

[Event "Titled Tuesday Blitz October 11 Late 2022"]
[White "Shohat, Yotam"]
[Black "Tayar, Jonathan"]
[WhiteFideId "2813955"]
[BlackFideId "2606534"]
[WhiteElo "2199"]
[BlackElo "2406"]
[Result "0-1"]
[Round "03"]
[TimeControl "180+1"]
[Date "2022.10.12"]
[WhiteClock "0:00:03"]
[BlackClock "0:00:15"]

1. e4 c5 2. Nf3 d6 3. Bb5+ Bd7 4. Bxd7+ Qxd7 5. O-O Nc6 6. c3 Nf6 7. d4 cxd4 8. cxd4 d5 9. e5 Ne4 10. Ne1 h6 11. f3 Ng5 12. Be3 Ne6 13. f4 g6 14. Nc3 Ng7 15. Nf3 Rc8 16. Bf2 e6 17. Bh4 g5 18. fxg5 Nf5 19. g6 fxg6 20. Bf6 Bg7 21. Bxg7 Qxg7 22. Qd3 a6 23. Rf2 O-O 24. Raf1 Rf7 25. Ne2 g5 26. g4 Nfe7 27. Ng3 Qg6 28. Qd1 Rcf8 29. Nh5 Qe4 30. Nf6+ Rxf6 31. exf6 Rxf6 32. Nxg5 Qe3 33. Nf3 Ng6 34. Qd2 Rxf3 35. Qxe3 Rxe3 36. Rd1 Kg7 37. Rff1 Re4 38. h3 Nxd4 39. Kg2 Nf4+ 40. Kg3 e5 41. Rfe1 Nfe2+ 42. Kf2 Kg6 43. Rd2 Kg5 44. b3 Kh4 45. Rd3 Rf4+ 46. Kg2 Re4 47. Kf2 Nf4 48. Rxe4 Nxd3+ 49. Ke3 dxe4 50. Kxe4 Kxh3 51. Kxd3 Kxg4 52. Ke4 h5 0-1


[Site "https://www.chess.com"]

[Event "Titled Tuesday Blitz October 11 Late 2022"]
[White "Sibilio, Mario"]
[Black "Mirzoev, Azer"]
[WhiteFideId "800422"]
[BlackFideId "13400304"]
[WhiteElo "2296"]
[BlackElo "2525"]
[Result "0-1"]
[Round "03"]
[TimeControl "180+1"]
[Date "2022.10.12"]
[WhiteClock "0:00:01"]
[BlackClock "0:00:15"]

1. Nf3 c5 2. e4 d6 3. b3 Nf6 4. e5 dxe5 5. Nxe5 Nbd7 6. f4 e6 7. Bb2 b6 8. Qf3 Nd5 9. Nc3 Nxe5 10. fxe5 Nc7 11. Bb5+ Nxb5 12. Qxa8 Nd4 13. O-O-O Be7 14. Qe4 O-O 15. Ne2 Nf5 16. g4 Nh4 17. d4 Qc7 18. Rhf1 Bb7 19. Qe3 c4 20. Kb1 b5 21. Nc3 a6 22. d5 exd5 23. Nxd5 Bxd5 24. Rxd5 Qc6 25. Qd4 Ng6 26. Rd7 cxb3 27. cxb3 Qg2 28. Rc1 Qxh2 29. Qd5 Nf4 30. Qe4 Bg5 31. Rc2 Qg1+ 32. Bc1 Ne6 33. Qd5 h6 34. Kb2 Qxg4 35. Bxg5 Qxg5 36. Rf2 Qg6 37. a4 bxa4 38. b4 a3+ 0-1


[Site "https://www.chess.com"]

[Event "Titled Tuesday Blitz October 11 Late 2022"]
[White "Sjugirov, Sanan"]
[Black "Yuan, Qingyu"]
[WhiteFideId "4189302"]
[BlackFideId "8609772"]
[WhiteElo "2609"]
[BlackElo "2359"]
[Result "1-0"]
[Round "03"]
[TimeControl "180+1"]
[Date "2022.10.11"]
[WhiteClock "0:01:33"]
[BlackClock "0:00:04"]

1. e4 c6 2. d4 d5 3. e5 c5 4. dxc5 e6 5. Nf3 Bxc5 6. Bd3 f6 7. c3 Nc6 8. b4 Be7 9. b5 Nxe5 10. Nxe5 fxe5 11. Qh5+ Kf8 12. Qxe5 Bf6 13. Qe2 g6 14. O-O Kg7 15. Bb2 Ne7 16. c4 d4 17. Nd2 Rf8 18. Ne4 Nf5 19. Rae1 Be5 20. g3 b6 21. c5 bxc5 22. Nxc5 Bf6 23. Nxe6+ Bxe6 24. Qxe6 Re8 25. Qc6 Ne7 26. Qf3 Qd6 27. a4 Nd5 28. Be4 Rad8 29. Bxd5 Rxe1 30. Rxe1 Qxd5 31. Qd3 Rc8 32. Rd1 Rc4 33. Qb3 Qc5 34. Ba3 Qc7 35. Bb4 Rc2 36. a5 Re2 37. Qd3 Ra2 38. Bd2 Qb7 39. Rc1 Rb2 40. b6 axb6 41. a6 Qd7 42. Bf4 Ra2 43. Rc7 Qxc7 44. Bxc7 Ra3 45. Qxa3 1-0


[Site "https://www.chess.com"]

[Event "Titled Tuesday Blitz October 11 Late 2022"]
[White "Slugin, Sergey"]
[Black "Migot, Tangi"]
[WhiteFideId "4122569"]
[BlackFideId "662445"]
[WhiteElo "2330"]
[BlackElo "2506"]
[Result "1-0"]
[Round "03"]
[TimeControl "180+1"]
[Date "2022.10.12"]
[WhiteClock "0:00:31"]
[BlackClock "0:00:15"]

1. e4 c5 2. Nf3 Nc6 3. Bb5 e6 4. O-O Nge7 5. d4 cxd4 6. Nxd4 a6 7. Be2 Nxd4 8. Qxd4 Nc6 9. Qc3 Qf6 10. Qxf6 gxf6 11. c3 b5 12. Nd2 Bb7 13. Nb3 b4 14. Be3 bxc3 15. bxc3 Rc8 16. f3 Ne5 17. Bd4 Ba3 18. Na5 Ba8 19. Bxa6 Rb8 20. Rab1 Ke7 21. Rb3 Bd6 22. Rfb1 Nc6 23. Nxc6+ Bxc6 24. Rxb8 Bxb8 25. Bb7 Bxb7 26. Rxb7 Bd6 27. g3 Ra8 28. Ra7 Rb8 29. Kg2 Rb2+ 30. Kh3 h5 31. a4 h4 32. a5 hxg3 33. hxg3 Rb8 34. a6 Rg8 35. Bf2 Rc8 36. Bd4 e5 37. Bb6 Rxc3 38. Rb7 Ra3 39. a7 f5 40. exf5 e4 41. fxe4 Rxg3+ 42. Kh4 Rg8 43. Bd4 Ra8 44. e5 1-0


[Site "https://www.chess.com"]

[Event "Titled Tuesday Blitz October 11 Late 2022"]
[White "Sourath Biswas"]
[Black "Gonzalez, Francisco Silva"]
[WhiteFideId "35091484"]
[BlackFideId "1512285"]
[WhiteElo "2164"]
[BlackElo "2159"]
[Result "1-0"]
[Round "03"]
[TimeControl "180+1"]
[Date "2022.10.12"]
[WhiteClock "0:02:02"]
[BlackClock "0:01:39"]

1. d4 Nf6 2. Bf4 d5 3. e3 c5 4. dxc5 Nc6 5. Bb5 Qa5+ 6. Nc3 e6 7. a3 Ne4 8. Ne2 Nxc3 9. Nxc3 Bd7 10. b4 Nxb4 11. Bxd7+ Kxd7 12. axb4 Qxb4 13. Qd2 Bxc5 14. O-O Qc4 15. Rfb1 Bb4 16. Rxb4 Qxb4 17. Rb1 Qa5 18. Rxb7+ Kc8 19. Rc7+ Kd8 20. Rxf7 Qa1+ 21. Nd1 Ke8 22. Rb7 Qa6 23. Rxg7 Qa1 24. Rb7 Qa6 25. Qb4 Qxb7 26. Qxb7 Rd8 27. Bg5 Rb8 28. Qe7# 1-0


[Site "https://www.chess.com"]

[Event "Titled Tuesday Blitz October 11 Late 2022"]
[White "Sowul, Bartosz"]
[Black "Krishnan, Varun"]
[WhiteFideId "1137590"]
[BlackFideId "5054508"]
[WhiteElo "2188"]
[BlackElo "2625"]
[Result "0-1"]
[Round "03"]
[TimeControl "180+1"]
[Date "2022.10.12"]
[WhiteClock "0:00:42"]
[BlackClock "0:00:25"]

1. e4 e5 2. Nf3 Nc6 3. Nc3 Nf6 4. d4 exd4 5. Nd5 d6 6. Bb5 Bd7 7. Nxd4 Nxd5 8. exd5 Nxd4 9. Bxd7+ Qxd7 10. Qxd4 f6 11. O-O Be7 12. Re1 O-O 13. Bd2 Rfe8 14. Bc3 Bf8 15. f4 Qf5 16. Qd2 h5 17. g3 c6 18. dxc6 bxc6 19. Bd4 a6 20. c4 d5 21. cxd5 Qxd5 22. Qc3 Kh8 23. b3 a5 24. Rad1 Rxe1+ 25. Rxe1 Bb4 0-1


[Site "https://www.chess.com"]

[Event "Titled Tuesday Blitz October 11 Late 2022"]
[White "Suleymanli, Aydin"]
[Black "Taichman, Ori"]
[WhiteFideId "13413937"]
[BlackFideId "2804069"]
[WhiteElo "2481"]
[BlackElo "2234"]
[Result "1-0"]
[Round "03"]
[TimeControl "180+1"]
[Date "2022.10.11"]
[WhiteClock "0:00:19"]
[BlackClock "0:00:05"]

1. e4 c5 2. Nf3 Nc6 3. Nc3 g6 4. h4 Nf6 5. d4 cxd4 6. Nxd4 Bg7 7. Nde2 O-O 8. Nf4 b5 9. a3 Rb8 10. h5 a5 11. hxg6 hxg6 12. Nfd5 b4 13. axb4 axb4 14. Nxf6+ exf6 15. Nb5 f5 16. exf5 Re8+ 17. Be3 d5 18. fxg6 fxg6 19. Na7 Nxa7 20. Rxa7 d4 21. Bc4+ Be6 22. Rxg7+ Kxg7 23. Bxd4+ Kf8 24. Rh8+ Bg8+ 25. Kf1 Ke7 26. Bxg8 Rxg8 27. Qe2+ Kd7 28. Rh7+ Kc6 29. Qc4+ Kd6 30. Qc5+ Ke6 31. Qe5# 1-0


[Site "https://www.chess.com"]

[Event "Titled Tuesday Blitz October 11 Late 2022"]
[White "Svicevic, Rastko"]
[Black "Meduri, Aakaash"]
[WhiteFideId "916315"]
[BlackFideId "2032252"]
[WhiteElo "2103"]
[BlackElo "2113"]
[Result "0-1"]
[Round "03"]
[TimeControl "180+1"]
[Date "2022.10.12"]
[WhiteClock "0:00:14"]
[BlackClock "0:01:07"]

1. d4 h6 2. e4 d5 3. exd5 Qxd5 4. Nc3 Qd8 5. g3 c6 6. Bg2 Bf5 7. Nge2 e6 8. O-O Nf6 9. Bf4 Be7 10. h3 Bh7 11. g4 Nd5 12. Bg3 Nd7 13. Qd2 O-O 14. Ne4 N7f6 15. f3 Qb6 16. c4 Nxe4 17. fxe4 Nf6 18. Nc3 Rad8 19. Bf2 Qb4 20. Rac1 Rd7 21. e5 Ne8 22. Qe2 Nc7 23. a3 Qb3 24. Ne4 Rfd8 25. Rc3 Qa4 26. Be3 Rxd4 27. Bxd4 Rxd4 28. Qf2 Rd7 29. Qxf7+ Kh8 30. Nf6 Bc5+ 0-1


[Site "https://www.chess.com"]

[Event "Titled Tuesday Blitz October 11 Late 2022"]
[White "Sztokbant, Bernardo Vainzoff"]
[Black "Osmonbekov, Talaibek"]
[WhiteFideId "2115956"]
[BlackFideId "2017253"]
[WhiteElo "2171"]
[BlackElo "2135"]
[Result "1-0"]
[Round "03"]
[TimeControl "180+1"]
[Date "2022.10.12"]
[WhiteClock "0:00:51"]
[BlackClock "0:00:10"]

1. e4 c5 2. Nf3 d6 3. c3 Nf6 4. Qc2 e5 5. g3 Nc6 6. Bg2 Be7 7. O-O O-O 8. Re1 h6 9. d3 Bg4 10. h3 Be6 11. Nbd2 Rc8 12. Nf1 Re8 13. Ne3 Qd7 14. Kh2 Bf8 15. Bd2 d5 16. exd5 Nxd5 17. Nc4 f6 18. Nh4 b5 19. Ne3 Rcd8 20. Rad1 Nde7 21. Bc1 Rc8 22. Qe2 Bf7 23. Ng4 Bxa2 24. Bxh6 Bb3 25. Ra1 a5 26. Bd2 a4 27. Qf3 Rcd8 28. Bf1 Bd5 29. Qe3 Nf5 30. Nxf5 Qxf5 31. Be2 Na5 32. c4 Nb3 33. cxd5 Nxa1 34. Rxa1 Rxd5 35. Rc1 Red8 36. Be1 1-0


[Site "https://www.chess.com"]

[Event "Titled Tuesday Blitz October 11 Late 2022"]
[White "Talibov, Shiroghlan"]
[Black "Theodorou, Nikolas"]
[WhiteFideId "13429078"]
[BlackFideId "4262875"]
[WhiteElo "2242"]
[BlackElo "2512"]
[Result "1/2-1/2"]
[Round "03"]
[TimeControl "180+1"]
[Date "2022.10.11"]
[WhiteClock "0:00:23"]
[BlackClock "0:01:24"]

1. c4 Nf6 2. Nc3 g6 3. Nf3 d6 4. g3 Bg7 5. d4 O-O 6. Bg2 Nc6 7. O-O e5 8. dxe5 dxe5 9. Bg5 h6 10. Qxd8 Rxd8 11. Bxf6 Bxf6 12. Nd5 Kg7 13. Nd2 Nb4 14. Ne4 Nxd5 15. cxd5 Be7 16. Rac1 Bd6 17. Nxd6 cxd6 18. Rc7 Rb8 19. f4 Rd7 20. Rfc1 Rxc7 21. Rxc7 exf4 22. gxf4 Bg4 23. Kf2 Rc8 24. Rxb7 a5 25. Rb5 a4 26. Rb4 a3 27. bxa3 Rc2 28. Bf3 Bf5 29. Rb6 Rxa2 30. Rxd6 Rxa3 31. e4 Bh3 32. Rb6 h5 33. e5 h4 34. Rb7 Kf8 35. Rb8+ Kg7 36. Rb7 Ra2+ 37. Ke3 Ra3+ 38. Kf2 1/2-1/2


[Site "https://www.chess.com"]

[Event "Titled Tuesday Blitz October 11 Late 2022"]
[White "Tarasova, Viktoriya"]
[Black "Savic, Miroslav"]
[WhiteFideId "4175840"]
[BlackFideId "14508494"]
[WhiteElo "2182"]
[BlackElo "2209"]
[Result "1-0"]
[Round "03"]
[TimeControl "180+1"]
[Date "2022.10.12"]
[WhiteClock "0:00:23"]
[BlackClock "0:00:01"]

1. d4 Nf6 2. c4 e6 3. Nc3 Bb4 4. Nf3 O-O 5. Bg5 Bxc3+ 6. bxc3 c5 7. Qc2 Nc6 8. e3 cxd4 9. exd4 d6 10. Be2 e5 11. O-O Re8 12. d5 Na5 13. Nd2 h6 14. Bh4 g5 15. Bg3 b6 16. h4 Kg7 17. hxg5 hxg5 18. Nf3 Nh7 19. Bd3 Nf8 20. Rfe1 f6 21. Nd2 Bd7 22. Ne4 Nb7 23. f3 Qe7 24. Bf2 f5 25. Ng3 f4 26. Ne4 Bf5 27. Nxd6 Bxd3 28. Nxe8+ Rxe8 29. Qxd3 Ng6 30. Rad1 Qd6 31. Qf5 Kh6 32. g3 Rg8 33. Kg2 1-0


[Site "https://www.chess.com"]

[Event "Titled Tuesday Blitz October 11 Late 2022"]
[White "Tari, Aryan"]
[Black "Thomforde-Toates, Noah"]
[WhiteFideId "1510045"]
[BlackFideId "30951992"]
[WhiteElo "2612"]
[BlackElo "2691"]
[Result "1/2-1/2"]
[Round "03"]
[TimeControl "180+1"]
[Date "2022.10.11"]
[WhiteClock "0:00:03"]
[BlackClock "0:00:04"]

1. c4 Nf6 2. Nc3 g6 3. d4 Bg7 4. e4 d6 5. Nf3 O-O 6. Be2 e5 7. d5 a5 8. Bg5 h6 9. Bh4 Na6 10. Nd2 Qe8 11. Qc2 Bd7 12. O-O Nh7 13. b3 h5 14. f3 Bf6 15. Bf2 Qe7 16. a3 Bh4 17. Nd1 Bxf2+ 18. Nxf2 Qg5 19. Kh1 Qe3 20. Rae1 a4 21. Nd1 axb3 22. Nxb3 Qb6 23. Nc3 Nc5 24. Rb1 Rxa3 25. Nxc5 Qxc5 26. Rxb7 Rfa8 27. Qb2 Qe3 28. Nd1 Qc5 29. Rb8+ Rxb8 30. Qxb8+ Kg7 31. Qb2 Ba4 32. f4 Bxd1 33. fxe5 dxe5 34. Bxd1 f6 35. h4 Qxc4 36. Be2 Qb3 37. Qxb3 Rxb3 38. Rc1 Rb7 39. Ba6 Ra7 40. Rc6 Nf8 41. Kh2 Nd7 42. Bc8 Nb8 43. Rc3 Kf7 44. Rb3 Ra8 45. Rc3 Ra7 46. Rb3 Ra8 47. Bb7 Ra7 48. d6 Na6 49. Bd5+ Ke8 50. Bc6+ Kd8 51. d7 Ke7 52. Kh3 Nc5 53. Rb5 Nxd7 54. Rd5 Nb6 55. Rd1 Ra4 56. Bxa4 Nxa4 57. Rc1 Kd6 58. Rd1+ Ke6 59. Rc1 Kd6 60. Rd1+ Ke6 61. Ra1 Nc5 62. Rc1 Nxe4 63. Rxc7 Kf5 64. Rc1 Nf2+ 65. Kg3 Nd3 66. Rf1+ Nf4 67. Ra1 Ne2+ 68. Kf2 Nd4 69. Ra4 g5 70. hxg5 Kxg5 71. Ra8 Kf4 72. Rh8 Kg4 73. Rg8+ Kf5 74. Ke3 Ne6 75. Rh8 Nf4 76. g3 Nd5+ 77. Kf2 Kg5 78. Rg8+ Kf5 79. Rh8 Kg5 80. Rd8 Ne7 81. Re8 Ng6 82. Kf3 h4 83. g4 h3 84. Ra8 Nf4 85. Ra1 e4+ 86. Kg3 Ne2+ 87. Kxh3 Nf4+ 88. Kg3 Ne2+ 89. Kf2 Nd4 90. Ra4 Nc6 91. Rxe4 Ne5 92. Kg3 Ng6 93. Ra4 Ne5 94. Ra5 Kg6 95. Kf4 Nd3+ 96. Kg3 Ne5 97. Kh4 Nf3+ 98. Kh3 Ne5 99. Rb5 Kg5 100. Kg3 Kg6 101. Rb8 Kg5 102. Rg8+ Ng6 103. Kf3 Kh6 104. Ke4 Kg5 105. Kf3 Kh6 106. Kg3 Kg5 107. Rg7 Kh6 108. Rf7 Kg5 109. Rc7 Ne5 110. Rc5 Kg6 111. Ra5 Kg5 112. Rb5 Kg6 113. Kh2 Nxg4+ 114. Kg3 Ne5 115. Kf4 Nd3+ 116. Ke3 Ne5 117. Rb8 Ng4+ 118. Kf4 Ne5 119. Rg8+ Kf7 120. Ra8 Kg6 121. Rg8+ Kf7 122. Rg1 Ke6 123. Ra1 Kf7 124. Kf5 Nc6 125. Ra6 Ne7+ 126. Ke4 Kg6 127. Ra7 Nc6 128. Ra8 Ne5 129. Rf8 Nd7 130. Rg8+ Kf7 131. Rg1 Ke6 132. Ra1 Ne5 133. Ra6+ Ke7 134. Kf5 Nd7 135. Re6+ Kf7 136. Rd6 Ke7 137. Ra6 Kf7 138. Re6 Kf8 139. Kg6 Ne5+ 140. Kxf6 Nd7+ 141. Kg6 Nc5 142. Re1 Nd7 143. Rd1 Ke7 144. Kf5 Nc5 145. Rh1 Nd7 146. Rh6 Nc5 147. Rc6 Nd7 148. Re6+ Kf7 149. Re1 Nf8 150. Ke5 Nd7+ 151. Kd6 Nf6 152. Rf1 Kg7 153. Ke7 Ng8+ 154. Ke6 Nh6 155. Rg1+ Kf8 156. Rg2 Ng8 157. Rg6 Ne7 158. Rf6+ Ke8 159. Rh6 Ng8 160. Rh8 Kf8 161. Rh7 Ke8 162. Rf7 Nh6 163. Ra7 Kf8 164. Rb7 Ng8 165. Rh7 Ke8 166. Rf7 Nh6 167. Rf1 Ng8 168. Rf2 Nh6 169. Ra2 Kf8 170. Ra7 Ng8 171. Ra6 Kg7 172. Ra2 Kf8 173. Rh2 Kg7 174. Rh1 Kf8 175. Rf1+ Kg7 176. Rf7+ Kg6 177. Rb7 Nh6 178. Rb1 Kg5 179. Rh1 Ng4 180. Rf1 Ne3 181. Rf3 Ng4 182. Rf8 Kh4 183. Kf5 Ne3+ 184. Ke4 Ng4 185. Kf4 Nh6 186. Rf6 Kh5 187. Rb6 Ng4 188. Rb5+ Kh4 189. Rb1 Nh2 190. Rb8 1/2-1/2


[Site "https://www.chess.com"]

[Event "Titled Tuesday Blitz October 11 Late 2022"]
[White "Tomaszewski, Kacper"]
[Black "Onslow, Alfie"]
[WhiteFideId "1127373"]
[BlackFideId "436976"]
[WhiteElo "2211"]
[BlackElo "2015"]
[Result "1-0"]
[Round "03"]
[TimeControl "180+1"]
[Date "2022.10.12"]
[WhiteClock "0:00:08"]
[BlackClock "0:00:01"]

1. Nf3 c5 2. e4 Nc6 3. b4 cxb4 4. d4 d5 5. exd5 Qxd5 6. c4 bxc3 7. Nxc3 Qa5 8. Bd2 e6 9. Rb1 Nf6 10. Ne4 Qd8 11. Nxf6+ Qxf6 12. Bd3 h6 13. O-O Bd6 14. d5 exd5 15. Re1+ Be6 16. Rxb7 O-O 17. Bb1 Bf5 18. Bc3 Qxc3 19. Bxf5 Qf6 20. Bb1 d4 21. Qc2 g6 22. Qd2 Rfe8 23. Be4 Bf4 24. Qd3 Rad8 25. g3 Bb8 26. Kg2 Ne5 27. Nxe5 Rxe5 28. Reb1 Ree8 29. Bf3 Qd6 30. Qb3 Rf8 31. Be4 Kg7 32. Bd3 h5 33. h4 a5 34. a4 Qc6+ 35. Kh2 Bd6 36. Qc4 Qxc4 37. Bxc4 Bb4 38. Rd1 Rd6 39. Rd3 Bc3 40. Rf3 Rf6 41. Rxf6 Kxf6 42. Kg2 Rc8 43. Rxf7+ Ke5 44. Bd3 Rb8 45. f4+ Kd5 46. Bxg6 Rb2+ 47. Kf3 Rb3 48. Be4+ Kc5 49. f5 Bb4+ 50. Kf4 d3 51. Rc7+ Kb6 52. Rc6+ Kb7 53. Rc3+ Kb6 54. Rxb3 d2 55. Rd3 1-0


[Site "https://www.chess.com"]

[Event "Titled Tuesday Blitz October 11 Late 2022"]
[White "Torres Boch, Jose Francisco"]
[Black "Ezat, Mohamed"]
[WhiteFideId "2278383"]
[BlackFideId "10600906"]
[WhiteElo "2073"]
[BlackElo "2386"]
[Result "0-1"]
[Round "03"]
[TimeControl "180+1"]
[Date "2022.10.12"]
[WhiteClock "0:00:11"]
[BlackClock "0:00:04"]

1. e4 e5 2. Nf3 Nc6 3. Bb5 Nge7 4. Nc3 d6 5. d4 a6 6. Be2 exd4 7. Nxd4 Nxd4 8. Qxd4 Nc6 9. Qd2 g6 10. b3 Bg7 11. Bb2 O-O 12. O-O-O a5 13. a4 Nb4 14. Kb1 Be6 15. h4 h5 16. f3 Qf6 17. g4 d5 18. gxh5 dxe4 19. hxg6 exf3 20. gxf7+ Rxf7 21. Rdf1 Rd8 22. Qc1 Bf5 23. Rxf3 Nxc2 24. Rxf5 Qxf5 25. Qxc2 Qxc2+ 26. Kxc2 Rf2 27. Rg1 Rd7 28. Kb1 Kh8 29. Rxg7 Rxg7 30. Bc4 Rg1+ 31. Ka2 Rgg2 32. Nd1+ Rxb2+ 33. Nxb2 Rh2 34. Bd5 c6 35. Be6 Rxh4 36. Bc8 b6 37. Bd7 Rh6 38. Nc4 c5 39. Kb2 Kg7 40. Kc3 Kf7 41. Bc6 Ke7 42. Bd5 Kd7 43. Nd2 Kc7 44. Kc4 Rh4+ 45. Be4 Kd6 46. Kb5 Kc7 47. Ka6 Rg4 48. Bd5 Rd4 49. Nc4 Rxd5 50. Nxb6 Rd6 51. Kxa5 Rxb6 52. b4 Rxb4 0-1


[Site "https://www.chess.com"]

[Event "Titled Tuesday Blitz October 11 Late 2022"]
[White "Trent, Lawrence"]
[Black "Bazeev, German"]
[WhiteFideId "408638"]
[BlackFideId "24119350"]
[WhiteElo "2474"]
[BlackElo "2493"]
[Result "1-0"]
[Round "03"]
[TimeControl "180+1"]
[Date "2022.10.12"]
[WhiteClock "0:01:40"]
[BlackClock "0:00:31"]

1. Nc3 d5 2. e4 d4 3. Nce2 e5 4. Ng3 Be6 5. c3 f6 6. Nf3 c5 7. Bb5+ Nc6 8. Qe2 Qd7 9. O-O Nge7 10. b4 a6 11. Bc4 Ng6 12. Bxe6 Qxe6 13. Nh5 Qg4 14. Nxd4 Qxe2 15. Nxe2 cxb4 16. Bb2 O-O-O 17. Rfd1 bxc3 18. Bxc3 Rd3 19. Nc1 Rd7 20. Nb3 Bd6 21. d4 exd4 22. Nxd4 Rhd8 23. Nxc6 Bxh2+ 24. Kxh2 Rxd1 25. Nxd8 Rxd8 26. Nxg7 1-0


[Site "https://www.chess.com"]

[Event "Titled Tuesday Blitz October 11 Late 2022"]
[White "Urazayev, Arystanbek"]
[Black "Naroditsky, Daniel"]
[WhiteFideId "13709810"]
[BlackFideId "2026961"]
[WhiteElo "2441"]
[BlackElo "2628"]
[Result "1/2-1/2"]
[Round "03"]
[TimeControl "180+1"]
[Date "2022.10.11"]
[WhiteClock "0:00:23"]
[BlackClock "0:00:11"]

1. e4 c6 2. d4 d5 3. exd5 cxd5 4. Nf3 Nf6 5. c3 Nc6 6. Ne5 e6 7. Bb5 Bd7 8. Nxd7 Nxd7 9. O-O Bd6 10. Re1 O-O 11. Nd2 Nf6 12. Bd3 e5 13. dxe5 Nxe5 14. Nf3 Nxd3 15. Qxd3 h6 16. Be3 Re8 17. h3 Bc7 18. Rad1 Qd6 19. c4 Rad8 20. c5 Qd7 21. b4 a6 22. Nd4 Ne4 23. f3 Nf6 24. Bf2 Rxe1+ 25. Rxe1 Re8 26. Rd1 g6 27. Qc2 Nh5 28. Ne2 Qe6 29. Re1 Qf6 30. Qd2 Nf4 31. Nxf4 Rxe1+ 32. Bxe1 Bxf4 33. Qxd5 Qa1 34. Kf2 Bg3+ 35. Kxg3 Qxe1+ 36. Kh2 Qxb4 37. Qd6 a5 38. Qd8+ Kg7 39. Qc7 h5 40. Qe5+ Kg8 41. Qb8+ Kh7 42. c6 bxc6 43. Qc7 Qc4 44. Qxa5 c5 45. Qc7 Kg8 46. a4 Qxa4 47. Qxc5 Qf4+ 48. Kh1 h4 49. Qc8+ Kg7 50. Qd7 Qc1+ 51. Kh2 Qf4+ 52. Kh1 g5 53. Qd5 Kg6 54. Qd8 Qc1+ 55. Kh2 Qf4+ 56. Kh1 Kg7 57. Qd5 f6 58. Qd7+ Kg6 59. Qe8+ Kg7 60. Qe7+ Kg6 61. Qe8+ Kg7 62. Qe7+ Kg6 63. Qe8+ 1/2-1/2


[Site "https://www.chess.com"]

[Event "Titled Tuesday Blitz October 11 Late 2022"]
[White "Urbina Perez, Juan Antonio"]
[Black "Melikyan, Gnel"]
[WhiteFideId "2217368"]
[BlackFideId "54109990"]
[WhiteElo "2197"]
[BlackElo "2138"]
[Result "0-1"]
[Round "03"]
[TimeControl "180+1"]
[Date "2022.10.12"]
[WhiteClock "0:01:17"]
[BlackClock "0:01:23"]

1. e4 c6 2. d4 d5 3. Nd2 dxe4 4. Nxe4 Nf6 5. Nxf6+ exf6 6. Bd3 Bd6 7. Ne2 Bg4 8. f3 Bh5 9. Nf4 Bg6 10. Nxg6 hxg6 11. Be3 Qe7 12. Qe2 Nd7 13. O-O-O O-O-O 14. g3 Rde8 15. Rde1 Nb6 16. Bd2 Qxe2 17. Rxe2 Rxe2 18. Bxe2 Bxg3 19. h3 Nd5 20. Bc4 Kd7 21. Kd1 g5 22. Bd3 Bf4 23. c4 Bxd2 24. cxd5 Be3 25. dxc6+ bxc6 26. Ke2 Bxd4 27. Rd1 c5 28. Bf5+ Kd6 29. b4 Ke5 30. Bd7 cxb4 31. Ba4 Rxh3 32. Bb3 Rh2+ 33. Kd3 Bc3 34. Bxf7 Rf2 35. Ke3 Bd4+ 36. Rxd4 Rxf3+ 37. Kxf3 Kxd4 38. Kg4 a5 39. Kh5 Kc3 40. Be6 a4 41. Kg6 b3 42. axb3 axb3 43. Kxg7 b2 44. Bf5 g4 0-1


[Site "https://www.chess.com"]

[Event "Titled Tuesday Blitz October 11 Late 2022"]
[White "Van Foreest, Jorden"]
[Black "Bilych, Olexiy"]
[WhiteFideId "1039784"]
[BlackFideId "14156504"]
[WhiteElo "2649"]
[BlackElo "2320"]
[Result "1-0"]
[Round "03"]
[TimeControl "180+1"]
[Date "2022.10.11"]
[WhiteClock "0:00:49"]
[BlackClock "0:00:03"]

1. e4 e5 2. Nf3 Nc6 3. Bb5 a6 4. Ba4 Nge7 5. c3 Ng6 6. d4 exd4 7. cxd4 Bb4+ 8. Nc3 O-O 9. O-O Bxc3 10. bxc3 d5 11. exd5 Qxd5 12. h3 Na5 13. Re1 b5 14. Bc2 Bf5 15. a4 Bxc2 16. Qxc2 Nc4 17. Qe4 Qxe4 18. Rxe4 Rfe8 19. Rxe8+ Rxe8 20. axb5 axb5 21. Ra7 c6 22. Ba3 Nf4 23. Bb4 Nd5 24. Ra6 Rc8 25. Kf1 f6 26. g3 Kf7 27. Ne1 Nd2+ 28. Kg2 Ne4 29. Ra3 Nd2 30. Nd3 Nc4 31. Ra6 Ncb6 32. Ra7+ Rc7 33. Ra3 Nc8 34. Bc5 Ncb6 35. Bb4 g5 36. Kf3 h5 37. Nc5 Nc4 38. Ra6 Nd2+ 39. Ke2 Nc4 40. Ne4 Nxb4 41. cxb4 Re7 42. Kf3 Re6 43. g4 hxg4+ 44. hxg4 Kg6 45. Ng3 Nd2+ 46. Kg2 Ne4 47. Nf5 Kf7 48. Ra7+ Kf8 49. Ra8+ Kf7 50. Rc8 Nc3 51. Ne3 Re4 52. Rc7+ Kf8 53. Rxc6 Ne2 54. Rxf6+ Ke7 55. Rf5 Nxd4 56. Rxg5 Ne2 57. Rxb5 Rd4 58. Re5+ Kf6 59. Rf5+ Kg6 60. b5 Nf4+ 61. Kf3 Nd3 62. Rd5 Ne1+ 63. Ke2 Rxd5 64. Nxd5 Nc2 65. b6 Nd4+ 66. Ke3 Nc6 67. f4 Kf7 68. Ke4 Ke6 69. f5+ Kd6 70. g5 Nd8 71. g6 Nb7 72. g7 Nc5+ 73. Kf4 Nd7 74. g8=Q Nxb6 75. Qe6+ Kc5 76. Nxb6 1-0


[Site "https://www.chess.com"]